 Dungeon Crawl Stone Soup version 0.21.0-3-g78d12a8 (webtiles) character file.

8085 magipi the Carver (level 11, -1/101 HPs)
             Began as a Minotaur Fighter on Jan 9, 2018.
             Was the Champion of Ru.
             Slain by a large slime creature (17 damage)
             ... on level 12 of the Dungeon.
             The game lasted 00:47:23 (10595 turns).

magipi the Carver (Minotaur Fighter)               Turns: 10595, Time: 00:47:23

Health: -1/101     AC: 12    Str: 22    XL:     11   Next: 5%
Magic:  15/15      EV: 10    Int:  5    God:    Ru [******]
Gold:   234        SH:  0    Dex: 12    Spells: 10/10 levels left

rFire    . . .     SeeInvis .   a - +2 long sword (elec)
rCold    + . .     Gourm    .   (shield unavailable)
rNeg     . . .     Faith    .   x - +4 ring mail of the Shining Light {-Cast rC+ rCorr}
rPois    .         Spirit   .   (helmet restricted)
rElec    .         Reflect  .   D - +0 cloak
rCorr    +         Harm     .   (no gloves)
MR       .....     NoCast   +   (no boots)
Stlth    ..........             r - amulet of regeneration
HPRegen  0.66/turn              (ring unavailable)
MPRegen  0.14/turn              o - ring of flight

@: slowed, very slow
A: retaliatory headbutt, horns 2, missing a hand, no stealth, no earth magic, no
translocations magic, no transmutations magic, inexperienced 1
a: Draw Out Power, Power Leap, Apocalypse, Renounce Religion, Evoke Flight


You were on level 12 of the Dungeon.
You worshipped Ru.
Ru was exalted by your worship.
You were not hungry.

You visited 1 branch of the dungeon, and saw 12 of its levels.
You also visited: Sewer.

You collected 911 gold pieces.
You spent 677 gold pieces at shops.

Inventory:

Hand Weapons
 a - a +2 long sword of electrocution (weapon)
 b - a +0 blowgun
   (You took it off a kobold on level 3 of the Dungeon)
 k - the +7 Singing Sword
   (You acquired it on level 7 of the Dungeon)
 w - a +1 scimitar of slicing
   (You took it off a wight on level 9 of the Dungeon)
Missiles
 i - 11 tomahawks (quivered)
 z - 14 poisoned needles
Armour
 x - the +4 ring mail of the Shining Light (worn) {-Cast rC+ rCorr}
   (You bought it in a shop on level 9 of the Dungeon)

   It protects you from cold.
   It prevents spellcasting.
   It protects you from acid and corrosion.
 D - a +0 cloak (worn)
   (You found it on level 11 of the Dungeon)
 E - a +4 ring mail of magic resistance
   (You found it on level 11 of the Dungeon)
 F - a +2 ring mail of magic resistance
   (You found it on level 11 of the Dungeon)
Jewellery
 o - a ring of flight (right hand)
   (You bought it in a shop on level 9 of the Dungeon)
 r - an amulet of regeneration (around neck)
   (You found it on level 8 of the Dungeon)
Wands
 c - a wand of paralysis (11)
   (You found it on level 7 of the Dungeon)
 d - a wand of iceblast (9)
   (You found it on level 3 of the Dungeon)
 h - a wand of flame (21)
   (You took it off Terence on level 3 of the Dungeon)
Scrolls
 e - 4 scrolls of enchant armour
 j - 6 scrolls of teleportation
 m - 4 scrolls of identify
 n - a scroll of fog
 q - 4 scrolls of fear
 s - 4 scrolls of blinking
 y - 3 scrolls of remove curse
Potions
 g - a potion of cancellation
 l - 2 potions of flight
 p - 4 potions of curing
 t - 3 potions of might
 u - 2 potions of haste
 v - 2 potions of magic
 A - a potion of lignification
 B - 3 potions of heal wounds
Books
 C - the Grimoire of the Curious Coins
   (You found it on level 11 of the Dungeon)

   Spells                             Type                      Level
   a - Apportation                    Translocation                1
   b - Poisonous Vapours              Poison/Air                   2
   c - Blink                          Translocation                2
   d - Ignite Poison                  Fire/Transmutation/Poison    3
   e - Venom Bolt                     Conjuration/Poison           5
   f - Malign Gateway                 Summoning/Translocation      7
Comestibles
 f - 14 rations
 G - 4 chunks of flesh


   Skills:
 + Level 10.5 Fighting
 + Level 12.4 Long Blades
 + Level 5.5 Throwing
 + Level 10.5 Armour
 + Level 7.5 Evocations


You had 10 spell levels left.
You didn't know any spells.

Dungeon Overview and Level Annotations

Branches:
Dungeon (12/15)            Temple (0/1) D:7            Lair (0/6) D:9
    Orc: D:9-12

Altars:
Gozag
Ru
Wu Jian
Xom
Yredelemnul
Zin

Shops:
D:6 (   D:9 *[   D:10 [


Innate Abilities, Weirdness & Mutations

You reflexively headbutt those who attack you in melee.
You have a pair of horns on your head.
You are missing a hand.
You cannot be stealthy.
You cannot study or cast Earth magic.
You cannot study or cast Translocations magic.
You cannot study or cast Transmutations magic.
You are somewhat inexperienced. (-2 XL)


Message History

The wraith is severely damaged.
The wraith hits you. The wraith drains your vigour!
You feel as though you will be slow longer.
You closely miss the wraith.
The wraith is severely damaged.
The wraith is no longer moving slowly.
You redirect the wraith's attack!
The wraith hits itself but does no damage.
You closely miss the wraith.
The wraith is severely damaged.
The wraith hits you!
You hit the wraith.
You headbutt the wraith, but do no damage.
The wraith is severely damaged.
The wraith barely misses you.
You riposte.
You hit the wraith but do no damage. Your headbutt misses the wraith.
The wraith is severely damaged.
You slash the wraith! Lightning courses through the wraith!
You destroy the wraith!
Things that are here:
a sky beast corpse x2 3 slime creatures come into view.
The slime creature quivers. x2
Found a shiny iron ring.
You hit the slime creature.
Lightning courses through the slime creature!
The slime creature is moderately wounded.
The slime creature hits you!
You completely miss the slime creature.
The slime creature hits you but does no damage.
A centaur skeleton comes into view.
You hit the slime creature.
Lightning courses through the slime creature!
You headbutt the slime creature.
The slime creature is heavily wounded.
The slime creature hits you but does no damage.
The slime creature hits you!
The slime creature hits you but does no damage.
Unknown command.
You slash the slime creature!
Lightning courses through the slime creature!
Your headbutt misses the slime creature.
The slime creature is severely wounded.
The slime creature closely misses you. The slime creature barely misses you.
You furiously retaliate!
You headbutt the slime creature, but do no damage.
The slime creature hits you but does no damage.
You slash the slime creature!
Lightning courses through the slime creature!
You kill the slime creature!
Your life force feels restored.
The slime creature is stunned by your will and fails to attack.
The slime creature hits you.
Unknown command.
You hit the slime creature.
The slime creature is lightly wounded.
The slime creature hits you.
You focus your will and blind the slime creature in retribution!
The slime creature is stunned by your will and fails to attack.
The centaur skeleton closely misses you.
You furiously retaliate!
You headbutt the centaur skeleton! The slime creature closely misses you.
You redirect the slime creature's attack!
The slime creature hits itself!
You slash the slime creature! You headbutt the slime creature.
The slime creature is heavily wounded.
The centaur skeleton hits you. The slime creature hits you.
You focus your will and illuminate the slime creature in retribution!
The slime creature hits you but does no damage.
Unknown command.
You slash the slime creature!
Lightning courses through the slime creature!
The slime creature is severely wounded.
The centaur skeleton hits you but does no damage.
Two slime creatures merge to form a large slime creature.
The centaur skeleton hits you but does no damage.
Unknown command.
You hit the large slime creature. You headbutt the large slime creature!
The large slime creature is heavily wounded.
The centaur skeleton hits you but does no damage.
The large slime creature hits you!
Unknown command.
You slash the large slime creature!
Lightning courses through the large slime creature!
The large slime creature is severely wounded.
The centaur skeleton hits you but does no damage.
The large slime creature barely misses you.
You redirect the centaur skeleton's attack!
The centaur skeleton hits itself!
You slice the large slime creature!!
Your headbutt misses the large slime creature.
The large slime creature is almost dead.
The large slime creature is no longer blind.
The large slime creature hits you!!
* * * LOW HITPOINT WARNING * * *
The centaur skeleton barely misses you.
You riposte.
You slice the centaur skeleton!!
You destroy the centaur skeleton!
The large slime creature hits you!
You die...

...# .(
#.####...##..
#.##........#
#.#.........#
#.#........#
#.#.#.....##
#.#........#
#.###..J...##..
#<.†...@......=
#########.###..
.# .. ## # #..#
.# ## .


You could see a large slime creature.

Vanquished Creatures
  A two-headed ogre (D:8)
  The ghost of komo4ek the Fighter, a novice OgBe of Trog (D:8)
  A cyclops (D:12)
  2 manticores (D:11)
  2 ugly things
  A spiny frog (shapeshifter) (D:11)
  A komodo dragon (D:11)
  2 trolls
  Grinder (D:3)
  3 hippogriffs
  A slime creature (D:12)
  A hippogriff (shapeshifter) (D:11)
  A wraith (D:12)
  A vampire (D:10)
  Eustachio (D:5)
  3 yaks (D:9)
  A steam dragon (D:10)
  Duvessa (D:5)
  3 orc warriors
  An ice beast (D:5)
  6 sky beasts
  2 necrophages
  6 ogres
  8 centaurs
  A crocodile (D:11)
  7 big kobolds
  9 bullfrogs
  Dowan (D:5)
  A water moccasin zombie (D:9)
  4 scorpions
  6 killer bees (D:11)
  5 wights (D:9)
  The ghost of dscm the Grave Robber, a weakling GnNe (D:3)
  5 howler monkeys
  2 crimson imps
  2 jellies
  A bullfrog zombie (D:10)
  3 hounds
  3 bullfrog skeletons
  3 orc priests
  2 centaur skeletons
  6 orc wizards
  4 iguanas
  Terence (D:3)
  10 worker ants
  A killer bee zombie (D:7)
  3 worker ant zombies
  11 gnolls
  15 adders
  14 river rats
  2 shadow imps
  2 oozes
  An adder zombie (D:5)
  An adder skeleton (D:5)
  A worm (D:3)
  2 dart slugs
  5 leopard geckos
  23 orcs
  14 bats
  8 giant cockroaches
  7 goblins
  14 hobgoblins
  7 jackals
  8 quokkas
  11 ball pythons
  10 frilled lizards
  59 kobolds
  A quokka skeleton (D:7)
  44 rats
392 creatures vanquished.

Vanquished Creatures (others)
  A centaur (D:11)
1 creature vanquished.

Grand Total: 393 creatures vanquished

Notes
Turn   | Place    | Note
-------+----------+-------------------------------------------
     0 | D:1      | magipi the Minotaur Fighter began the quest for the Orb.
     0 | D:1      | Reached XP level 1. HP: 19/19 MP: 0/0
   145 | D:1      | Reached skill level 3 in Long Blades
   161 | D:1      | Reached XP level 2. HP: 25/26 MP: 1/1
   457 | D:1      | Reached skill level 4 in Long Blades
   616 | D:1      | Reached XP level 3. HP: 31/31 MP: 2/2
  1106 | D:2      | Reached skill level 5 in Long Blades
  1110 | D:2      | Found a sacrificial altar of Ru.
  1116 | D:2      | Became a worshipper of Ru the Awakened
  1269 | D:2      | Reached XP level 4. HP: 39/39 MP: 3/3
  1514 | D:2      | Found a shimmering altar of Xom.
  1517 | D:2      | Found a sacrificial altar of Ru.
  1517 | D:2      | Found a sacrificial altar of Ru.
  1519 | D:2      | Found a sacrificial altar of Ru.
  1519 | D:2      | Found an ornate altar of the Wu Jian Council.
  1519 | D:2      | Found a sacrificial altar of Ru.
  2038 | D:3      | Reached skill level 6 in Long Blades
  2057 | D:3      | Noticed Grinder
  2060 | D:3      | Killed Grinder
  2060 | D:3      | Reached skill level 7 in Long Blades
  2060 | D:3      | Reached XP level 5. HP: 44/45 MP: 4/4
  2060 | D:3      | Reached XP level 6. HP: 50/51 MP: 5/5
  2062 | D:3      | Noticed dscm's ghost (weakling GnNe)
  2066 | D:3      | Killed dscm's ghost
  2066 | D:3      | Reached skill level 8 in Long Blades
  2181 | D:3      | Found a glowing drain.
  2195 | Sewer    | Entered a sewer
  2640 | Sewer    | Reached skill level 9 in Long Blades
  2684 | Sewer    | Reached XP level 7. HP: 49/57 MP: 6/6
  3048 | D:3      | Noticed Terence
  3066 | D:3      | Killed Terence
  3297 | D:3      | Reached skill level 10 in Long Blades
  3486 | D:2      | Reached skill level 11 in Long Blades
  3642 | D:3      | Reached XP level 8. HP: 58/64 MP: 7/7
  3861 | D:4      | Gained mutation: You are missing a hand. [Ru sacrifice]
  3861 | D:4      | Reached * piety under Ru
  3861 | D:4      | Reached ** piety under Ru
  3861 | D:4      | Reached *** piety under Ru
  4357 | D:4      | Reached skill level 1 in Evocations
  4380 | D:5      | Entered Level 5 of the Dungeon
  4564 | D:5      | Noticed Eustachio
  4608 | D:5      | Killed Eustachio
  4608 | D:5      | Reached skill level 5 in Fighting
  4608 | D:5      | Reached skill level 5 in Armour
  4835 | D:5      | Noticed Duvessa
  4848 | D:5      | Killed Duvessa
  4849 | D:5      | Noticed Dowan
  4856 | D:5      | Killed Dowan
  4856 | D:5      | Reached XP level 9. HP: 75/75 MP: 10/10
  5498 | D:6      | Found Sicvax's Weapon Shoppe.
  5864 | D:6      | Gained mutation: You cannot study or cast Earth magic. [Ru sacrifice]
  5864 | D:6      | Gained mutation: You cannot study or cast Transmutations magic. [Ru sacrifice]
  5864 | D:6      | Gained mutation: You cannot study or cast Translocations magic. [Ru sacrifice]
  5864 | D:6      | Reached **** piety under Ru
  5910 | D:6      | Identified the Grimoire of Helpful Weightlessness
  6428 | D:7      | Identified a scroll of acquirement
  6429 | D:7      | Found the +7 Singing Sword
  6447 | D:7      | Found a glowing silver altar of Zin.
  6447 | D:7      | Found an opulent altar of Gozag.
  6448 | D:7      | Found a basalt altar of Yredelemnul.
  6448 | D:7      | Found an ornate altar of the Wu Jian Council.
  6683 | D:7      | Found a staircase to the Ecumenical Temple.
  7096 | D:7      | Reached skill level 5 in Evocations
  7736 | D:8      | Reached XP level 10. HP: 77/89 MP: 13/13
  7788 | D:8      | Reached skill level 1 in Throwing
  7917 | D:8      | Noticed a two-headed ogre
  7928 | D:8      | Killed a two-headed ogre
  7983 | D:8      | Noticed komo4ek's ghost (novice OgBe)
  7989 | D:8      | Killed komo4ek's ghost
  8004 | D:8      | Gained mutation: You are somewhat inexperienced. (-2 XL) [Ru sacrifice]
  8004 | D:8      | Reached XP level 9. HP: 83/83 MP: 12/12
  8004 | D:8      | Reached XP level 8. HP: 78/78 MP: 11/11
  8004 | D:8      | Reached ***** piety under Ru
  8202 | D:9      | Found Guannat's Armour Emporium.
  8209 | D:9      | Bought the +4 ring mail of the Shining Light {-Cast rC+ rCorr} for 512 gold pieces
  8491 | D:9      | Found Avaepefa's Assorted Antiques.
  8499 | D:9      | Bought a granite ring for 165 gold pieces
  8566 | D:9      | Found a staircase to the Lair.
  8637 | D:9      | Reached XP level 9. HP: 75/83 MP: 12/12
  8801 | D:10     | Entered Level 10 of the Dungeon
  8889 | D:10     | Noticed a troll
  8906 | D:10     | Killed a troll
  9059 | D:10     | Found Enimoc's Antique Armour Shop.
  9244 | D:10     | Reached XP level 10. HP: 92/93 MP: 14/14
  9469 | D:11     | Noticed a brown ugly thing
  9485 | D:11     | Killed a brown ugly thing
  9531 | D:11     | Gained mutation: You cannot be stealthy. [Ru sacrifice]
  9531 | D:11     | Reached ****** piety under Ru
  9543 | D:11     | Noticed a manticore
  9561 | D:11     | Killed a manticore
  9561 | D:11     | Reached skill level 10 in Fighting
  9561 | D:11     | Reached skill level 12 in Long Blades
  9766 | D:11     | Noticed a spiny frog
  9766 | D:11     | a yak changed into a spiny frog
  9776 | D:11     | Killed a spiny frog
  9776 | D:11     | Reached skill level 10 in Armour
  9846 | D:11     | Identified the Grimoire of the Curious Coins
 10143 | D:11     | Noticed a manticore
 10149 | D:11     | Killed a manticore
 10232 | D:11     | Reached skill level 5 in Throwing
 10428 | D:12     | Noticed a cyclops
 10444 | D:12     | Killed a cyclops
 10450 | D:12     | Noticed a brown ugly thing
 10459 | D:12     | Killed a brown ugly thing
 10569 | D:12     | Reached XP level 11. HP: 89/101 MP: 15/15
 10595 | D:12     | Slain by a large slime creature

Skill      XL: |  1  2  3  4  5  6  7  8  9 10 |
---------------+-------------------------------+-----
Long Blades    | 3 4 5 7 9 11 12 | 12.4
Shields        | 0 |  0.0
Fighting       | 5 8 10 | 10.5
Armour         | 9 8 10 | 10.5
Evocations     | 3 5 7 |  7.5
Throwing       | 3 4 5 |  5.5

Action                   |  1- 3 |  4- 6 |  7- 9 | 10-12 || total
-------------------------+-------+-------+-------+-------++-------
Melee: Long sword        |    78 |   164 |   525 |   110 ||   877
       Headbutt          |    12 |    17 |   122 |    34 ||   185
       Double sword      |       |       |    89 |    17 ||   106
Throw: Tomahawk          |       |       |     4 |     5 ||     9
Invok: Draw Out Power    |       |       |     2 |     1 ||     3
       Sacrifice a Hand  |       |       |     1 |       ||     1
       Sacrifice Experie |       |       |     1 |       ||     1
       Sacrifice Arcana  |       |       |     1 |       ||     1
       Power Leap        |       |       |       |     1 ||     1
       Apocalypse        |       |       |       |     1 ||     1
       Sacrifice Stealth |       |       |       |     1 ||     1
Evoke: Wand              |       |       |       |     2 ||     2
  Use: Scroll            |       |     8 |    13 |     6 ||    27
       Potion            |       |     1 |     1 |       ||     2
 Stab: Paralysed         |       |       |     3 |     6 ||     9
       Invisible         |       |       |     2 |     2 ||     4
       Distracted        |       |       |     1 |     1 ||     2
  Eat: Chunk             |     1 |     5 |    14 |     5 ||    25
       Ration            |       |       |     2 |       ||     2
Armor: Scale mail        |    22 |       |       |       ||    22
       Chain mail        |    24 |    99 |   239 |     3 ||   365
       Ring mail         |       |       |    34 |    36 ||    70
Dodge: Dodged            |    47 |    73 |   209 |    53 ||   382
       Rpst.: Long sword |    11 |    16 |    57 |     9 ||    93
       Double sword      |       |       |     6 |     1 ||     7

Action                   |  1- 3 |  4- 6 |  7- 9 | 10-12 || total
-------------------------+-------+-------+-------+-------++-------
Melee: Long sword        |    78 |   164 |   525 |   110 ||   877
       Headbutt          |    12 |    17 |   122 |    34 ||   185
       Double sword      |       |       |    89 |    17 ||   106
Throw: Tomahawk          |       |       |     4 |     5 ||     9
Invok: Draw Out Power    |       |       |     2 |     1 ||     3
       Sacrifice a Hand  |       |       |     1 |       ||     1
       Sacrifice Experie |       |       |     1 |       ||     1
       Sacrifice Arcana  |       |       |     1 |       ||     1
       Power Leap        |       |       |       |     1 ||     1
       Apocalypse        |       |       |       |     1 ||     1
       Sacrifice Stealth |       |       |       |     1 ||     1
Evoke: Wand              |       |       |       |     2 ||     2
  Use: Scroll            |       |     8 |    13 |     6 ||    27
       Potion            |       |     1 |     1 |       ||     2
 Stab: Paralysed         |       |       |     3 |     6 ||     9
       Invisible         |       |       |     2 |     2 ||     4
       Distracted        |       |       |     1 |     1 ||     2
  Eat: Chunk             |     1 |     5 |    14 |     5 ||    25
       Ration            |       |       |     2 |       ||     2
Armor: Scale mail        |    22 |       |       |       ||    22
       Chain mail        |    24 |    99 |   239 |     3 ||   365
       Ring mail         |       |       |    34 |    36 ||    70
Dodge: Dodged            |    47 |    73 |   209 |    53 ||   382
       Rpst.: Long sword |    11 |    16 |    57 |     9 ||    93
       Double sword      |       |       |     6 |     1 ||     7
